Cogmind - Beta 15 @@@ ROGUE MODE // 2025.08.01 @ 19:56:43 Player: Btuck Result: Destroyed by S-43 Plague with Heavy Machine Gun Performance ------------- Evolutions (8) 4000 Regions Visited (15) 3000 Robots Destroyed (81) 405 Value Destroyed (2760) 2760 Prototype IDs (15) 300 Alien Tech Used (0) 0 Bonus (874) 874 TOTAL SCORE: 11339 Bonus ------- Follower Combat Kills 74 Entered DSFs 500 Met Data Miner 300 Cogmind --------- Core Integrity 0/1450 Matter 260/300 Energy 99/100 System Corruption 2% Temperature Cool (0) Movement Core (150) Ox2 Location -2/Research Parts ------- > --- POWER (2) -------- (None) > --- PROPULSION (8) --- (None) > --- UTILITY (10) ----- Experimental Optical Array > --- WEAPON (3) ------- Enhanced Force Lance > --- INVENTORY (5) ---- Q-thruster Smartbomb Launcher Enhanced Force Lance Peak State ------------ > --- POWER ------------ Improved Ion Engine > --- PROPULSION ------- Light Treads Light Treads Light Treads Armored Treads Medium Treads > --- UTILITY ---------- Improved Heat Sink High-capacity Storage Unit Experimental Sensor Array Improved Signal Interpreter Improved Terrain Scanner Reactive Plating > --- WEAPON ----------- Plasma Rifle Flak Gun Flak Gun > --- INVENTORY -------- Improved Ion Engine Carbon-fiber Leg Titanium Leg Improved Carbon-fiber Leg Cooling System Medium Storage Unit Improved Sensor Array Weapon Cycler Light Armor Plating Hardened Light Armor Plating Reactive Plating Hacking Suite System Shield Field Laser Pulse Rifle Heavy Particle Cannon Heavy Ion Cannon Shotgun Shotgun Scythe [Rating: 52] Favorites ----------- Power Improved Ion Engine Engine Improved Ion Engine Propulsion Light Treads Treads Light Treads Leg Improved Carbon-fiber Leg Wheel Centrium Wheel Flight Unit Nuclear Pulse Thruster Utility Improved Signal Interpreter Device Experimental Sensor Array Storage High-capacity Storage Unit Processor Improved Signal Interpreter Hackware Hacking Suite Protection Reactive Plating Weapon Flak Gun Energy Gun Field Laser Energy Cannon Heavy Particle Cannon Ballistic Gun Flak Gun Launcher Heavy Rocket Launcher Slashing Weapon Scythe Piercing Weapon Enhanced Force Lance Build | -11 -10 -10 -9 -8 -7 -6 -6 -6 -6 -5 -5 -4 -4 -3 -2 ------- Run | Yrd Mat Min Mat Mat Fac Fac Low Low Dat Pro Fac Fac DSF Res Res Slots Evolved 16 | . . . 2 2 2 2 . . . . 2 2 . 2 2 Power 1 | . . . . . . . . . . . . 1 . . . Propulsion 6 | . . . 1 1 . 1 . . . . 1 1 . . 1 Utility 8 | . . . 1 . 2 1 . . . . 1 . . 2 1 Weapon 1 | . . . . 1 . . . . . . . . . . . Parts Attached 64 | 7 1 . 13 8 10 2 1 . . 10 . 1 2 4 5 Power 5 | 1 . . 2 . 1 . . . . 1 . . . . . Engine 5 | 1 . . 2 . 1 . . . . 1 . . . . . Core . | . . . . . . . . . . . . . . . . Reactor . | . . . . . . . . . . . . . . . . Propulsion 20 | 2 . . 3 3 1 . 1 . . 4 . . 2 2 2 Treads 9 | 2 . . 2 3 1 . 1 . . . . . . . . Leg 5 | . . . 1 . . . . . . 4 . . . . . Wheel 2 | . . . . . . . . . . . . . 2 . . Hover . | . . . . . . . . . . . . . . . . Flight 4 | . . . . . . . . . . . . . . 2 2 Utility 21 | 2 1 . 4 2 4 2 . . . 2 . 1 . . 3 Device 9 | 1 . . 1 2 1 2 . . . 1 . . . . 1 Storage 3 | 1 1 . . . 1 . . . . . . . . . . Processor 3 | . . . . . 1 . . . . . . . . . 2 Hackware 1 | . . . . . . . . . . . . 1 . . . Protection 5 | . . . 3 . 1 . . . . 1 . . . . . Artifact . | . . . . . . . . . . . . . . . . Weapon 18 | 2 . . 4 3 4 . . . . 3 . . . 2 . Energy Gun 3 | . . . . 2 . . . . . 1 . . . . . Energy Cannon 3 | . . . 1 . 2 . . . . . . . . . . Ballistic Gun 8 | 2 . . 2 1 2 . . . . 1 . . . . . Ballistic Cannon . | . . . . . . . . . . . . . . . . Launcher 1 | . . . . . . . . . . 1 . . . . . Special Weapon . | . . . . . . . . . . . . . . . . Impact Weapon . | . . . . . . . . . . . . . . . . Slashing Weapon 1 | . . . 1 . . . . . . . . . . . . Piercing Weapon 2 | . . . . . . . . . . . . . . 2 . Special Melee Weapon . | . . . . . . . . . . . . . . . . Unidentified Prototypes 4 | . . . 2 . . . . . . . . . . . 2 Parts Lost 32 | . . . 4 2 . . . . . 19 . . 1 2 4 Power 2 | . . . . . . . . . . 2 . . . . . Propulsion 14 | . . . 2 1 . . . . . 7 . . 1 1 2 Utility 9 | . . . 2 . . . . . . 4 . . . 1 2 Weapon 7 | . . . . 1 . . . . . 6 . . . . . Highest Loss Streak 8 | . . . 2 1 . . . . . 8 . . 1 2 4 To Critical Strikes . | . . . . . . . . . . . . . . . . Average Backups 14 | . 2 9 9 9 14 19 20 20 20 15 4 4 4 3 3 Power 1 | . 1 1 2 2 1 1 1 1 1 . . . . . . Propulsion 1 | . . . . . 1 3 3 3 3 . . . . 1 1 Utility 6 | . 1 4 3 3 6 8 9 9 9 8 3 2 2 1 . Weapon 4 | . . 3 4 3 4 6 7 7 7 4 . 1 . . 2 Tool/Special . | . . . . . . . . . . . . . . . . Unused Backups 18 | . . 1 5 . . . . . . 6 . . 2 . 4 Power 3 | . . . 1 . . . . . . 1 . . . . 1 Propulsion 1 | . . . . . . . . . . 1 . . . . . Utility 5 | . . . 1 . . . . . . 3 . . . . 1 Weapon 8 | . . 1 3 . . . . . . 1 . . 1 . 2 Tool/Special 1 | . . . . . . . . . . . . . 1 . . Average Slot Usage (%) 83 | . 100 100 88 88 99 99 100 100 100 63 5 7 13 12 11 Engine 5 | . 14 14 10 9 7 6 6 6 6 1 . . . . . Treads 22 | . 28 28 22 25 30 33 33 33 33 6 . . . . . Leg 3 | . . . . . . . . . . 13 . . . . . Device 14 | . 14 14 11 8 14 19 20 20 20 11 5 5 3 2 . Storage 6 | . 14 14 11 9 7 6 6 6 6 5 . . . . . Processor 4 | . . . . . 6 6 6 6 6 5 . . . . 1 Protection 4 | . . . 9 9 6 6 6 6 6 1 . . . . . Energy Gun 2 | . . . . 9 11 . . . . . . . . . . Energy Cannon 1 | . . . . . 1 . . . . 4 . . . . . Ballistic Gun 11 | . 28 28 21 17 3 13 13 13 13 5 . . . . . Slashing Weapon 2 | . . . . . 5 6 6 6 6 . . . . . . Peak Build Rating 52 | 7 7 8 18 21 41 48 51 51 50 52 5 8 22 18 32 Average Rating 32 | 5 7 7 14 19 34 47 48 50 50 33 4 7 13 13 18 On Entrance 20 | . 7 7 8 14 21 41 48 51 50 50 1 5 8 11 11 Naked Turns 53 | . . . . . . . . . . 28 . . . . 25 Heaviest Build 76 | 13 18 18 30 33 69 70 70 70 70 76 1 1 1 1 8 Greatest Support 108 | 40 40 40 60 80 80 100 108 108 108 108 3 3 32 16 13 Greatest Overweight (x) 7 | . . . 7 . . . . . . 3 . . . . 2 Average Overweight (x) . | . . . . . . . . . . 1 . . . . . Largest Inventory Capacity 20 | 8 10 10 10 10 20 20 20 20 20 20 5 5 5 5 5 Average Capacity 16 | 6 9 10 10 10 19 20 20 20 20 19 5 5 5 5 5 Most Carried 20 | 1 8 10 10 10 20 20 20 20 20 20 5 5 4 5 5 Average Carried 14 | . 2 9 9 9 14 19 20 19 20 15 4 4 3 3 4 Final Capacity 20 | 8 10 10 10 10 20 20 20 20 20 5 5 5 5 5 5 Final Carried 20 | 1 7 10 10 10 20 20 20 20 20 5 5 4 4 5 4 Class Distribution -------------------- 41% | Mutant 35% | Scavenger-Mutant 11% | Scavenger-Assassin 4% | Scavenger-Skirmisher 3% | Tank Dominant Class ---------------- Mutant | -10/Materials Mutant | -10/Mines Mutant | -9/Materials Tank | -8/Materials Scavenger-Mutant | -7/Factory Scavenger-Mutant | -6/Factory Scavenger-Mutant | -6/Lower Caves Scavenger-Mutant | -6/Lower Caves Scavenger-Assassin | -6/Data Miner Mutant | -5/Proximity Caves Mutant | -5/Factory Mutant | -4/Factory Mutant | -4/DSF Mutant | -3/Research Mutant | -2/Research Resources | -11 -10 -10 -9 -8 -7 -6 -6 -6 -6 -5 -5 -4 -4 -3 -2 ----------- Run | Yrd Mat Min Mat Mat Fac Fac Low Low Dat Pro Fac Fac DSF Res Res Matter Collected 1963 | 284 25 12 430 299 162 106 101 12 . 420 . . 6 1 105 Remotely . | . . . . . . . . . . . . . . . . Salvage Created 2977 | 100 68 37 787 478 287 106 39 . . 966 . . . . 109 Parts 178 | 13 10 4 55 33 8 5 5 . . 42 . . . . 3 Haulers Intercepted 4 | . . . 2 . . 1 . . . . . . . . 1 Recyclers Shooed . | . . . . . . . . . . . . . . . . Parts Field Recycled . | . . . . . . . . . . . . . . . . Retrieved Matter . | . . . . . . . . . . . . . . . . Parts Self-Destructed 48 | . . . . . . . 5 . . 43 . . . . . Prevented . | . . . . . . . . . . . . . . . . Kills | -11 -10 -10 -9 -8 -7 -6 -6 -6 -6 -5 -5 -4 -4 -3 -2 ------- Run | Yrd Mat Min Mat Mat Fac Fac Low Low Dat Pro Fac Fac DSF Res Res Combat Hostiles Destroyed 70 | . 3 2 22 10 6 1 2 . . 24 . . . . . Melee 1 | . . . . . . . . . . 1 . . . . . Guns 53 | . 3 2 20 10 4 1 2 . . 11 . . . . . Cannons 8 | . . . 2 . 1 . . . . 5 . . . . . AOE 6 | . . . . . . . . . . 6 . . . . . Classes Destroyed 15 | 3 2 . 3 2 1 . 1 . . 3 . . . . . Worker 1 | 1 . . . . . . . . . . . . . . . Builder 1 | . . . . 1 . . . . . . . . . . . Tunneler 2 | 2 . . . . . . . . . . . . . . . Hauler 4 | . . . 2 . . 1 . . . . . . . . 1 Recycler 1 | 1 . . . . . . . . . . . . . . . Drone 2 | . . . . . . . . . . 2 . . . . . Watcher 2 | . 1 . 1 . . . . . . . . . . . . Swarmer 23 | . 3 2 10 . . . 2 . . 6 . . . . . Grunt 29 | . . . 8 6 5 . . . . 10 . . . . . Brawler 2 | . . . . 1 . . . . . 1 . . . . . Duelist 1 | . . . . . . . . . . 1 . . . . . Sentry 8 | . . . 4 3 . . . . . 1 . . . . . Hunter 3 | . . . . . . . . . . 3 . . . . . Programmer 2 | . . . . . 1 1 . . . . . . . . . Tinkerer 1 | . . . . . . . 1 . . . . . . . . Best Kill Streak 6 | 2 3 2 6 4 2 1 2 . . 6 . . . . 1 Combat Bots Only 6 | . 3 2 5 3 2 1 2 . . 6 . . . . . Max Kills in Single Turn 5 | 1 1 1 2 1 1 1 2 . . 5 . . . . 1 Gunslinging . | . . . . . . . . . . . . . . . . Exploded 4 | . . . . . . . . . . 4 . . . . . Melee 1 | . . . . . . . . . . 1 . . . . . Uniques/NPCs Destroyed . | . . . . . . . . . . . . . . . . Combat | -11 -10 -10 -9 -8 -7 -6 -6 -6 -6 -5 -5 -4 -4 -3 -2 -------- Run | Yrd Mat Min Mat Mat Fac Fac Low Low Dat Pro Fac Fac DSF Res Res Hostile Shots Fired 688 | . 6 10 120 42 33 4 6 50 . 208 1 . 34 27 147 Missed 227 | . 1 3 30 11 9 2 1 16 . 56 . . 12 17 69 Hits 461 | . 5 7 90 31 24 2 5 34 . 152 1 . 22 10 78 Melee 4 | . . . . 3 . . . . . 1 . . . . . Projectile 457 | . 5 7 90 28 24 2 5 34 . 151 1 . 22 10 78 Critical Strikes 16 | . 1 . 1 2 . . 1 1 . 4 . . . . 6 Part Disruptions 3 | . . . . . . . . . . . . . 3 . . Damage Taken 7521 | . 49 75 984 514 373 28 62 230 . 2621 80 . 628 262 1615 Core 2784 | . 24 . 101 48 66 . . 27 . 503 80 . 304 167 1464 Absorbed by Shields . | . . . . . . . . . . . . . . . . Ignored by Resistances 136 | . . . . . . . 18 45 . 73 . . . . . Regen/Repaired (Parts) 11 | . . . 11 . . . . . . . . . . . . Core Remaining (%) 81 | 100 . 90 74 91 90 . . . . 37 92 . 73 87 . Volleys Fired 198 | 11 6 6 56 31 20 7 5 . . 56 . . . . . Largest 3 | 2 2 2 2 3 3 2 2 . . 3 . . . . . Hottest 201 | 40 40 40 83 109 201 56 56 . . 168 . . . . . Shots Fired 449 | 17 12 12 112 93 46 14 10 . . 133 . . . . . Gun 389 | 17 12 12 109 93 34 14 10 . . 88 . . . . . Cannon 55 | . . . 3 . 12 . . . . 40 . . . . . Launcher 5 | . . . . . . . . . . 5 . . . . . Special . | . . . . . . . . . . . . . . . . Kinetic 301 | 17 12 12 109 62 6 14 10 . . 59 . . . . . Thermal 143 | . . . 3 31 40 . . . . 69 . . . . . Explosive 5 | . . . . . . . . . . 5 . . . . . Electromagnetic . | . . . . . . . . . . . . . . . . Robot Hit Streak 13 | 6 7 8 13 11 6 5 5 . . 9 . . . . . Robot Miss Streak 19 | 3 1 1 3 5 3 7 5 . . 19 . . . . . Penetration Max . | . . . . . . . . . . . . . . . . Secondary Targets 1 | . . . 1 . . . . . . . . . . . . Max Gunslinging Chain 1 | . . . 1 . . . . . . . . . . . . Shots Hit Robots 323 | 11 8 6 79 67 29 14 10 . . 97 . . . . 2 Core Hits 221 | 7 6 2 40 31 17 13 14 . . 91 . . . . . Critical Kills . | . . . . . . . . . . . . . . . . Critical Parts Destroyed 1 | . . . . 1 . . . . . . . . . . . Critical Strikes 7 | . . . . 3 2 . . . . 2 . . . . . Burn 6 | . . . . 2 2 . . . . 2 . . . . . Destroy 1 | . . . . 1 . . . . . . . . . . . Melee Attacks 61 | . . . 4 . 10 1 14 14 2 . . . . 3 13 Impact . | . . . . . . . . . . . . . . . . Slashing 45 | . . . 4 . 10 1 14 14 2 . . . . . . Piercing 16 | . . . . . . . . . . . . . . 3 13 Sneak Attacks 2 | . . . . . . . . . . . . . . . 2 Combat Hostiles . | . . . . . . . . . . . . . . . . Follow-up Attacks . | . . . . . . . . . . . . . . . . Damage Inflicted 5987 | 90 80 44 1057 1083 561 249 187 . . 2447 . . . 5 184 Guns 4520 | 90 80 44 1015 1083 431 249 187 . . 1341 . . . . . Cannons 773 | . . . 38 . 130 . . . . 605 . . . . . Explosions 495 | . . . . . . . . . . 495 . . . . . Melee 184 | . . . . . . . . . . . . . . . 184 Ramming 15 | . . . 4 . . . . . . 6 . . . 5 . Kinetic 3415 | 90 80 44 1015 772 110 249 187 . . 868 . . . . . Thermal 1878 | . . . 38 311 451 . . . . 1078 . . . . . Explosive 495 | . . . . . . . . . . 495 . . . . . Electromagnetic . | . . . . . . . . . . . . . . . . Impact . | . . . . . . . . . . . . . . . . Slashing . | . . . . . . . . . . . . . . . . Piercing 184 | . . . . . . . . . . . . . . . 184 Highest Corruption 2 | . . . 1 . 1 . . . . . . . . . 2 Average Corruption 1 | . . . 1 . 1 . . . . . . . . . 1 Corruption Purged . | . . . . . . . . . . . . . . . . Corruption Blocked . | . . . . . . . . . . . . . . . . Effects 17 | . . . 8 . 8 . . . . . . . . . 1 Message Errors 4 | . . . 1 . 3 . . . . . . . . . . Matter Fused 4 | . . . 3 . 1 . . . . . . . . . . Energy Discharges 4 | . . . 1 . 3 . . . . . . . . . . Data Loss (minor) 1 | . . . . . 1 . . . . . . . . . . Data Loss (major) 2 | . . . 1 . . . . . . . . . . . 1 Misfires 1 | . . . 1 . . . . . . . . . . . . Weapon Failures 1 | . . . 1 . . . . . . . . . . . . Overload Shots . | . . . . . . . . . . . . . . . . Overflow Damage 105 | . . . . . . . . . . . . . . . 105 Projectiles . | . . . . . . . . . . . . . . . . Explosions . | . . . . . . . . . . . . . . . . Melee 105 | . . . . . . . . . . . . . . . 105 Knockbacks . | . . . . . . . . . . . . . . . . Impact . | . . . . . . . . . . . . . . . . Kinetic . | . . . . . . . . . . . . . . . . Secondary . | . . . . . . . . . . . . . . . . Self-Inflicted Damage 81 | . . . . . . . . . . 79 . . . 2 . Shots 2 | . . . . . . . . . . 2 . . . . . Rammed 2 | . . . 1 . . . . . . . . . . 1 . Targets Rammed 3 | . . . 1 . . . . . . 1 . . . 1 . Kicked . | . . . . . . . . . . . . . . . . Crushed 1 | . . . . . . . . . . 1 . . . . . Highest Temperature 350 | . . . 108 210 283 . . 307 . 114 . . . . 350 Average Temperature 58 | . . . 21 62 117 . . 166 . 35 . . . . 198 Received Heat Transfer 2382 | . 27 9 291 243 171 . . 354 . 780 . . . 45 462 Effects 2 | . . . . . 2 . . . . . . . . . . Interference 2 | . . . . . 2 . . . . . . . . . . Siege Activations . | . . . . . . . . . . . . . . . . Martial Activations . | . . . . . . . . . . . . . . . . Shielding Activations . | . . . . . . . . . . . . . . . . Robots Disrupted . | . . . . . . . . . . . . . . . . Combat Hostiles . | . . . . . . . . . . . . . . . . Robots Corrupted . | . . . . . . . . . . . . . . . . Combat Hostiles . | . . . . . . . . . . . . . . . . Parts Fried . | . . . . . . . . . . . . . . . . Impact Corruptions . | . . . . . . . . . . . . . . . . Robots Melted 2 | . . . . . 1 . . . . 1 . . . . . Combat Hostiles 2 | . . . . . 1 . . . . 1 . . . . . Parts Melted 7 | . . . . . 5 . . . . 2 . . . . . Heat Transferred 4082 | . . . 74 814 1036 . . . . 2158 . . . . . Parts Sabotaged . | . . . . . . . . . . . . . . . . Parts Stolen . | . . . . . . . . . . . . . . . . Parts Stripped . | . . . . . . . . . . . . . . . . Power Chain Reactions . | . . . . . . . . . . . . . . . . Alert | -11 -10 -10 -9 -8 -7 -6 -6 -6 -6 -5 -5 -4 -4 -3 -2 ------- Run | Yrd Mat Min Mat Mat Fac Fac Low Low Dat Pro Fac Fac DSF Res Res Maximum Alert Level 3 | . . . 1 . . . . . . . 3 1 1 . 1 Low Security (%) 92 | 100 100 100 79 100 100 100 . . . . . . . 100 98 Level 1 6 | . . . 20 . . . . . . . . 100 100 . 1 Level 2 . | . . . . . . . . . . . . . . . . Level 3 1 | . . . . . . . . . . . 100 . . . . Level 4 . | . . . . . . . . . . . . . . . . Level 5 . | . . . . . . . . . . . . . . . . High Security . | . . . . . . . . . . . . . . . . Max Security . | . . . . . . . . . . . . . . . . Peak Influence 817 | 10 70 55 239 104 70 30 . . . . 817 389 265 143 286 Initial 817 | . . 15 . 44 36 . . . . . 817 389 265 143 23 Average 53 | 1 10 10 109 40 14 1 . . . . 809 387 261 77 31 Influence Increases 3302 | 20 85 50 653 280 195 38 80 . . 663 750 . . 49 439 Destroy 0b10 Robot/C 1400 | . 60 40 440 200 120 20 40 . . 480 . . . . . Destroy 0b10 Robot/NC 65 | 20 5 . 15 5 . 5 . . . 10 . . . . 5 Destroy Leader 282 | . 12 10 96 60 30 12 10 . . 50 . . . . 2 Allied During Kill 3 | . . . . . . . . . . 3 . . . . . Successful Hack 21 | . 8 . 8 . 5 . . . . . . . . . . Disable Machine 15 | . . . . . 15 . . . . . . . . . . Anti-Garrison Action 150 | . . . . . . . . . . . . . . . 150 Destroy Structure 46 | . . . 4 . 10 1 . . . . . . . 4 27 Advance Influence 750 | . . . . . . . . . . . 750 . . . . Partial Spotted 30 | . . . . . . . . . . . . . . 15 15 Lose Combat Pursuer 540 | . . . 90 15 15 . 30 . . 120 . . . 30 240 Influence Decreases 3016 | 20 45 90 546 307 275 38 12 68 . 555 61 418 124 262 195 Entered New Map 840 | . . 25 . 63 44 . . 14 . . 41 408 114 112 19 Time Decay 1699 | 20 45 65 356 224 231 38 12 54 . 355 20 10 . 130 139 Lost Part 287 | . . . 40 20 . . . . . 160 . . 10 20 37 Lost Ally 40 | . . . . . . . . . . 40 . . . . . Purge Threat 150 | . . . 150 . . . . . . . . . . . . Squads Dispatched 16 | . . . 3 3 4 . . . . 1 . . 1 . 4 Investigation 5 | . . . 2 1 2 . . . . . . . . . . Extermination 4 | . . . . . 2 . . . . . . . . . 2 Reinforcement 4 | . . . 1 2 . . . . . . . . 1 . . Assault 3 | . . . . . . . . . . 1 . . . . 2 Garrison . | . . . . . . . . . . . . . . . . Intercept . | . . . . . . . . . . . . . . . . Searches Triggered . | . . . . . . . . . . . . . . . . Construction Impeded 1 | . . . . 1 . . . . . . . . . . . Haulers Reinforced . | . . . . . . . . . . . . . . . . Active Scanning Responses . | . . . . . . . . . . . . . . . . Cargo Convoy Interrupts . | . . . . . . . . . . . . . . . . Stealth | -11 -10 -10 -9 -8 -7 -6 -6 -6 -6 -5 -5 -4 -4 -3 -2 --------- Run | Yrd Mat Min Mat Mat Fac Fac Low Low Dat Pro Fac Fac DSF Res Res Distress Signals 10 | . 1 . 3 1 2 . . . . 1 . . . 1 1 Communications Jammed . | . . . . . . . . . . . . . . . . Distress Signals . | . . . . . . . . . . . . . . . . Times Spotted 146 | . 7 5 31 14 10 1 4 1 . 37 1 . 4 5 26 Peak Tracking Total 12 | . 3 2 6 2 4 1 4 1 . 6 1 . 4 6 12 Tactical Retreats 18 | . . . 4 1 1 . 1 . . 3 . . . 2 6 Traps | -11 -10 -10 -9 -8 -7 -6 -6 -6 -6 -5 -5 -4 -4 -3 -2 ------- Run | Yrd Mat Min Mat Mat Fac Fac Low Low Dat Pro Fac Fac DSF Res Res Traps Triggered 2 | . . . . . 2 . . . . . . . . . . Indirectly . | . . . . . . . . . . . . . . . . Trap Hack Attempts . | . . . . . . . . . . . . . . . . Triggered . | . . . . . . . . . . . . . . . . Disarmed . | . . . . . . . . . . . . . . . . Reprogrammed . | . . . . . . . . . . . . . . . . Reused . | . . . . . . . . . . . . . . . . Traps Extracted . | . . . . . . . . . . . . . . . . Installed . | . . . . . . . . . . . . . . . . Triggered . | . . . . . . . . . . . . . . . . Machines | -11 -10 -10 -9 -8 -7 -6 -6 -6 -6 -5 -5 -4 -4 -3 -2 ---------- Run | Yrd Mat Min Mat Mat Fac Fac Low Low Dat Pro Fac Fac DSF Res Res Machines Disabled 3 | . . . . . 1 . 1 . . . . . . . 1 Max in Single Turn 1 | . . . . . 1 . 1 . . . . . . . 1 Garrison Access 3 | . . . . . . . . . . . . 1 . 1 1 Machines Repaired . | . . . . . . . . . . . . . . . . Machines Dismantled . | . . . . . . . . . . . . . . . . Machines Sabotaged . | . . . . . . . . . . . . . . . . Overloaded Fab Kills . | . . . . . . . . . . . . . . . . Hacking | -11 -10 -10 -9 -8 -7 -6 -6 -6 -6 -5 -5 -4 -4 -3 -2 --------- Run | Yrd Mat Min Mat Mat Fac Fac Low Low Dat Pro Fac Fac DSF Res Res Machines Accessed 26 | . 5 . 8 2 1 . . . 4 . 1 3 . 1 1 Terminals 17 | . 5 . 7 2 1 . . . . . . 1 . . 1 Fabricators 1 | . . . . . . . . . . . . 1 . . . Repair Stations 1 | . . . 1 . . . . . . . . . . . . Recycling Units . | . . . . . . . . . . . . . . . . Scanalyzers 1 | . . . . . . . . . . . 1 . . . . Garrison Access 2 | . . . . . . . . . . . . 1 . 1 . Total Hacks 84 | . 13 . 22 4 3 . . . 33 . 1 4 . 3 1 Successful 60 | . 7 . 13 2 1 . . . 33 . . 2 . 1 1 Failed 24 | . 6 . 9 2 2 . . . . . 1 2 . 2 . Catastrophic 4 | . . . 2 1 . . . . . . . . . 1 . Database Lockouts . | . . . . . . . . . . . . . . . . Manual 26 | . 8 . 12 3 3 . . . . . . . . . . Terminals 42 | . 13 . 20 4 3 . . . . . . 1 . . 1 Fabricators 2 | . . . . . . . . . . . . 2 . . . Repair Stations 2 | . . . 2 . . . . . . . . . . . . Recycling Units . | . . . . . . . . . . . . . . . . Scanalyzers 1 | . . . . . . . . . . . 1 . . . . Garrison Access 4 | . . . . . . . . . . . . 1 . 3 . Terminal Hacks 48 | . 5 . 7 1 . . . . 33 . . 1 . . 1 Record 13 | . . . 1 . . . . . 11 . . . . . 1 Part Schematic 13 | . . . . . . . . . 13 . . . . . . Robot Schematic 6 | . . . . . . . . . 6 . . . . . . Robot Analysis 3 | . 3 . . . . . . . . . . . . . . Prototype ID Bank 3 | . . . . . . . . . 3 . . . . . . Open DSF 1 | . . . . . . . . . . . . 1 . . . Terminal Index 1 | . . . 1 . . . . . . . . . . . . Alert Level 1 | . . . 1 . . . . . . . . . . . . Unreport Threat 1 | . . . 1 . . . . . . . . . . . . Locate Traps 1 | . 1 . . . . . . . . . . . . . . Recall Investigation 1 | . . . 1 . . . . . . . . . . . . Hauler Manifests 3 | . 1 . 1 1 . . . . . . . . . . . Zone Layout 1 | . . . 1 . . . . . . . . . . . . Fabricator Hacks . | . . . . . . . . . . . . . . . . Repair Station Hacks 2 | . . . 2 . . . . . . . . . . . . Scan Component 1 | . . . 1 . . . . . . . . . . . . Repair 1 | . . . 1 . . . . . . . . . . . . Recycling Unit Hacks . | . . . . . . . . . . . . . . . . Scanalyzer . | . . . . . . . . . . . . . . . . Garrison Access Hacks 2 | . . . . . . . . . . . . 1 . 1 . Seal Access 2 | . . . . . . . . . . . . 1 . 1 . Unauthorized Hacks 8 | . 2 . 4 1 1 . . . . . . . . . . Terminals 8 | . 2 . 4 1 1 . . . . . . . . . . Botnet 8 | . 2 . 4 1 1 . . . . . . . . . . Fabricators . | . . . . . . . . . . . . . . . . Repair Stations . | . . . . . . . . . . . . . . . . Recycling Units . | . . . . . . . . . . . . . . . . Scanalyzers . | . . . . . . . . . . . . . . . . Garrison Access . | . . . . . . . . . . . . . . . . Data Cores Recovered . | . . . . . . . . . . . . . . . . Used . | . . . . . . . . . . . . . . . . Hacking Detections 14 | . 4 . 6 1 1 . . . . . 1 . . 1 . Full Trace Events 6 | . . . 4 1 1 . . . . . . . . . . Feedback Events 1 | . . . 1 . . . . . . . . . . . . Corruption 1 | . . . 1 . . . . . . . . . . . . Feedback Blocked . | . . . . . . . . . . . . . . . . Robot Schematics Acquired 6 | . . . . . . . . . 6 . . . . . . Robots Built . | . . . . . . . . . . . . . . . . Authchips . | . . . . . . . . . . . . . . . . Time . | . . . . . . . . . . . . . . . . Total Robot Build Rating . | . . . . . . . . . . . . . . . . Part Schematics Acquired 13 | . . . . . . . . . 13 . . . . . . Parts Built . | . . . . . . . . . . . . . . . . Authchips . | . . . . . . . . . . . . . . . . Time . | . . . . . . . . . . . . . . . . Total Part Build Rating . | . . . . . . . . . . . . . . . . Parts Repaired 1 | . . . 1 . . . . . . . . . . . . Time 108 | . . . 108 . . . . . . . . . . . . Parts Recycled . | . . . . . . . . . . . . . . . . Recycled Matter . | . . . . . . . . . . . . . . . . Retrieved Matter . | . . . . . . . . . . . . . . . . Retrieved Components . | . . . . . . . . . . . . . . . . Parts Scanalyzed . | . . . . . . . . . . . . . . . . Part Schematics Acquired . | . . . . . . . . . . . . . . . . Parts Damaged . | . . . . . . . . . . . . . . . . Bothacking | -11 -10 -10 -9 -8 -7 -6 -6 -6 -6 -5 -5 -4 -4 -3 -2 ------------ Run | Yrd Mat Min Mat Mat Fac Fac Low Low Dat Pro Fac Fac DSF Res Res Used RIF Installer . | . . . . . . . . . . . . . . . . Robots Hacked . | . . . . . . . . . . . . . . . . Non-combat . | . . . . . . . . . . . . . . . . Combat . | . . . . . . . . . . . . . . . . Robot Hacks Applied . | . . . . . . . . . . . . . . . . Relay Couplers Released . | . . . . . . . . . . . . . . . . Fabnet Peak Effective % . | . . . . . . . . . . . . . . . . Robots Rewired 2 | . . . . . . . . . . 2 . . . . . Allies Hacked . | . . . . . . . . . . . . . . . . Hacks Repelled . | . . . . . . . . . . . . . . . . Allies | -11 -10 -10 -9 -8 -7 -6 -6 -6 -6 -5 -5 -4 -4 -3 -2 -------- Run | Yrd Mat Min Mat Mat Fac Fac Low Low Dat Pro Fac Fac DSF Res Res Total Allies 2 | . . . . . . . . . . 2 . . . . . Largest Group 2 | . . . . . . . . . . 2 . . . . . Highest-Rated Group 79 | . . . . . . . . . . 79 . . . . . Highest-Rated Ally 49 | . . . . . . . . . . 49 . . . . . Total Orders . | . . . . . . . . . . . . . . . . Ally Attacks 7 | . . . . . . . . . . 7 . . . . . Total Damage 264 | . . . . . . . . . . 264 . . . . . Kills 2 | . . . . . . . . . . 2 . . . . . Allies Corrupted . | . . . . . . . . . . . . . . . . Allies Melted 1 | . . . . . . . . . . 1 . . . . . Intel | -11 -10 -10 -9 -8 -7 -6 -6 -6 -6 -5 -5 -4 -4 -3 -2 ------- Run | Yrd Mat Min Mat Mat Fac Fac Low Low Dat Pro Fac Fac DSF Res Res Active Infowar (turns) 8658 | 104 346 358 950 111 1205 393 1054 1753 171 1907 48 23 10 80 145 Optics 86 | . . . . . . . . . . . . . . . 86 Sensors 6429 | . . . 114 . 1205 393 1054 1753 171 1578 48 23 10 80 . Terrain 1780 | . . . . 111 . . . 776 171 722 . . . . . Seismic 1758 | 104 346 358 950 . . . . . . . . . . . . T.N.C. 59 | . . . . . . . . . . . . . . . 59 Robot Analysis Total 3 | . 3 . . . . . . . . . . . . . . Derelict Logs Recovered 5 | . . 1 . . . . 1 2 . 1 . . . . . Drone Launches . | . . . . . . . . . . . . . . . . Drone Recoveries . | . . . . . . . . . . . . . . . . Exploration | -11 -10 -10 -9 -8 -7 -6 -6 -6 -6 -5 -5 -4 -4 -3 -2 ------------- Run | Yrd Mat Min Mat Mat Fac Fac Low Low Dat Pro Fac Fac DSF Res Res Turns Passed 9912 | 142 346 358 1005 488 1248 393 1054 1753 171 2251 48 23 57 279 296 Spaces Moved 5291 | 71 201 208 349 194 635 226 514 832 103 789 88 44 81 455 501 Core 436 | 6 . . 1 . . . . . . 56 88 44 62 2 177 Treads 3514 | 65 201 208 347 194 635 226 514 832 103 189 . . . . . Legs 545 | . . . 1 . . . . . . 544 . . . . . Wheels 169 | . . . . . . . . . . . . . 19 150 . Hover . | . . . . . . . . . . . . . . . . Flight 627 | . . . . . . . . . . . . . . 303 324 Fastest Speed 37 | 50 160 160 160 160 160 162 162 162 162 50 50 50 50 37 37 Average Speed 149 | 150 160 160 171 160 160 162 162 162 162 244 50 50 59 56 43 Slowest Speed 410 | 160 160 160 400 160 162 162 162 162 162 410 50 50 90 90 150 Overloaded Moves . | . . . . . . . . . . . . . . . . Propulsion Burnouts . | . . . . . . . . . . . . . . . . Robots Hopped 5 | . . . . . . . . . . . . . . 5 . Potential Cave-ins . | . . . . . . . . . . . . . . . . Cave-ins Triggered . | . . . . . . . . . . . . . . . . Exploration Rate (%) 37 | 6 43 43 44 19 14 6 62 75 75 77 3 2 89 22 24 Regions Visited 15 Branch Regions 5 Pre-discovered Areas 1 | . . . . . . . . . 1 . . . . . . Known Exits Taken 7 | . . . . . 1 1 1 1 1 1 . 1 . . . Unknown Exits Taken 7 | 1 1 1 1 1 . . . . . . 1 . . 1 . Scrap Searched 13 | . . 3 . . . . 2 3 . 5 . . . . . Spaces Dug 67 | . . . 4 . 9 1 12 14 2 14 . . . 2 9 Terrain Destroyed 130 | . . . 4 . 9 1 12 14 2 77 . . . 2 9 Melee 53 | . . . 4 . 9 1 12 14 2 . . . . 2 9 Projectile 1 | . . . . . . . . . . 1 . . . . . AOE 76 | . . . . . . . . . . 76 . . . . . Terrain Rammed . | . . . . . . . . . . . . . . . . Walls Destroyed . | . . . . . . . . . . . . . . . . Machines Disabled . | . . . . . . . . . . . . . . . . Actions | -11 -10 -10 -9 -8 -7 -6 -6 -6 -6 -5 -5 -4 -4 -3 -2 --------- Run | Yrd Mat Min Mat Mat Fac Fac Low Low Dat Pro Fac Fac DSF Res Res Total 6786 | 89 216 224 648 299 808 240 707 1216 104 988 91 44 90 467 555 Wait 1026 | . 2 6 199 63 111 3 173 368 . 78 . . . 4 19 Move 5266 | 70 200 207 348 193 634 225 513 831 102 788 87 43 80 444 501 Hop 5 | . . . . . . . . . . . . . . 5 . Pick Up 53 | 1 6 4 10 2 10 1 . 1 . 6 2 . 3 3 4 Fast Attach 29 | 7 . . 6 6 4 . . . . 1 . . 2 . 3 Attach 30 | . . . 2 1 2 2 . . . 11 1 1 . 4 6 Detach 15 | . . . 2 . 4 . . . . 2 . . 1 2 4 Swap 27 | . 1 . 8 1 11 1 1 1 . 2 . . . 1 . Drop 30 | . 1 1 12 2 2 . 1 1 . . 1 . 4 . 5 Fire 198 | 11 6 6 56 31 20 7 5 . . 56 . . . . . Melee 61 | . . . 4 . 10 1 14 14 2 . . . . 3 13 Ram 1 | . . . . . . . . . . . . . . 1 . Kick . | . . . . . . . . . . . . . . . . Crush 2 | . . . 1 . . . . . . 1 . . . . . Escape Stasis . | . . . . . . . . . . . . . . . . Rewire 43 | . . . . . . . . . . 43 . . . . . Trap . | . . . . . . . . . . . . . . . . Miscellaneous . | . . . . . . . . . . . . . . . . Route ------- -11/Scrapyard -10/Materials (discovered 3 exits: *Mat / [*Min x2]) -10/Mines -9/Materials (discovered 3 exits: *Mat x2 / [*Sto]) -8/Materials -7/Factory -6/Factory (discovered 2 exits: *Fac / *Low) -6/Lower Caves -6/Lower Caves (discovered 2 exits: *Fac / *Dat) -6/Data Miner -5/Proximity Caves -5/Factory -4/Factory -4/DSF -3/Research -2/Research History --------- Turn | Location | Event 6 | -11/Scrapyard | Discovered new exit (range 14) 143 | -11/Scrapyard | Entered Materials 241 | -10/Materials | Discovered new exit (range 9) 313 | -10/Materials | Build established: Mutant 363 | -10/Materials | Discovered new exit (range 13) 460 | -10/Materials | Discovered new exit (range 16) 489 | -10/Materials | Entered Mines 681 | -10/Mines | Found a damaged Exp. Sensor Array with a note attached 685 | -10/Mines | Found Prototype Device 778 | -10/Mines | Discovered new exit (range 13) 796 | -10/Mines | Learned Materials interactive machine intel 810 | -10/Mines | Joined a pair of Derelicts in attacking an 0b10 outpost 847 | -10/Mines | Entered Materials 847 | -9/Materials | Evolved 2 slots: Propulsion x1, Utility x1 847 | -9/Materials | Identified Exp. Sensor Array 848 | -9/Materials | Loaded intel: 18 interactive machine locations 1095 | -9/Materials | Discovered new exit (range 16) 1353 | -9/Materials | Discovered new exit (range 4) 1703 | -9/Materials | Repaired Exp. Sensor Array 1811 | -9/Materials | Discovered new exit (range 15) 1852 | -9/Materials | Entered another Materials area 1852 | -8/Materials | Evolved 2 slots: Propulsion x1, Weapon x1 2165 | -8/Materials | Build established: Tank 2302 | -8/Materials | Discovered new exit (range 16) 2340 | -8/Materials | Entered Factory 2340 | -7/Factory | Evolved 2 slots: Utility x2 2658 | -7/Factory | Build established: Scavenger-Mutant 3480 | -7/Factory | Discovered new exit (range 10) 3563 | -7/Factory | Identified exit to Factory 3588 | -7/Factory | Entered another Factory area 3588 | -6/Factory | Evolved 2 slots: Propulsion x1, Utility x1 3748 | -6/Factory | Discovered new exit (range 15) 3795 | -6/Factory | Discovered new exit (range 11) 3891 | -6/Factory | Identified exit to Factory 3938 | -6/Factory | Identified exit to Lower Caves 3981 | -6/Factory | Entered Lower Caves 4692 | -6/Lower Caves | Learned Factory terminal intel 4999 | -6/Lower Caves | Discovered new exit (range 12) 5015 | -6/Lower Caves | Identified exit to Lower Caves 5035 | -6/Lower Caves | Entered another Lower Caves area 5081 | -6/Lower Caves | Discovered exit to Factory (range 8) 6318 | -6/Lower Caves | Build established: Scavenger-Assassin 6605 | -6/Lower Caves | Spotted B-75 Beast 6731 | -6/Lower Caves | Discovered new exit (range 14) 6739 | -6/Lower Caves | Learned Factory security intel 6755 | -6/Lower Caves | Learned Factory interactive machine intel 6786 | -6/Lower Caves | Identified exit to Data Miner 6788 | -6/Lower Caves | Entered Data Miner 6788 | -6/Data Miner | Discovered new exit (range 6) 6819 | -6/Data Miner | Met Data Miner 6873 | -6/Data Miner | Learned location of Section 7 (-2) 6873 | -6/Data Miner | Acquired the access code to Warlord's prototype stash 6921 | -6/Data Miner | Received God Mode back door access code from Data Miner 6957 | -6/Data Miner | Identified exit to Proximity Caves 6959 | -6/Data Miner | Entered Proximity Caves 7129 | -5/Proximity Caves | Spotter reported a threat 7217 | -5/Proximity Caves | Spotter reported a threat 7297 | -5/Proximity Caves | Spotter reported a threat 7402 | -5/Proximity Caves | Lost 8 parts (1p4n1u2w) 7473 | -5/Proximity Caves | Spotter reported a threat 7473 | -5/Proximity Caves | Spotter reported a threat 7537 | -5/Proximity Caves | Attracted the attention of an 0b10 outpost 7712 | -5/Proximity Caves | Lost 4 parts (2n1u1w) 7976 | -5/Proximity Caves | Build established: Mutant 8649 | -5/Proximity Caves | Lost 3 parts (1n1u1w) 9175 | -5/Proximity Caves | Attracted the attention of an 0b10 checkpoint 9182 | -5/Proximity Caves | Core integrity fell below 50% 9182 | -5/Proximity Caves | Released all parts (6) 9202 | -5/Proximity Caves | Discovered exit to Factory (range 5) 9210 | -5/Proximity Caves | Entered Factory 9210 | -5/Factory | Evolved 2 slots: Propulsion x1, Utility x1 9212 | -5/Factory | Loaded intel: 54 interactive machine locations 9213 | -5/Factory | Loaded intel: 26 terminal locations 9246 | -5/Factory | Discovered new exit (range 14) 9258 | -5/Factory | Entered another Factory area 9258 | -4/Factory | Evolved 2 slots: Power x1, Propulsion x1 9281 | -4/Factory | Identified exit to DSF 9281 | -4/Factory | Entered DSF 9318 | -4/DSF | Additional patrols routed to DSF 9331 | -4/DSF | Discovered new exit (range 14) 9338 | -4/DSF | Entered Research 9338 | -3/Research | Evolved 2 slots: Utility x2 9496 | -3/Research | Spotted B-86 Titan 9607 | -3/Research | Discovered new exit (range 15) 9617 | -3/Research | Entered another Research area 9617 | -2/Research | Evolved 2 slots: Propulsion x1, Utility x1 9811 | -2/Research | Spotted B-90 Cyclops 9818 | -2/Research | Lost 4 parts (2n2u) 9843 | -2/Research | Spotted B-90 Cyclops 9856 | -2/Research | Core integrity fell below 50% 9895 | -2/Research | Core integrity fell below 20% 9913 | -2/Research | Destroyed by S-43 Plague with Heavy Machine Gun Last Messages --------------- 09787_ Acquired Q-thruster. 09787_ Hacking Suite destroyed. 09788_ Slug penetrates Wall. 09807_ W-44 Eye destroyed. 09812_ K-01 Serf collects debris. 09817_ Fabricator disabled. 09827_ Acquired Prototype Processor. 09827_ Identified Exp. Optical Array. 09830_ Acquired Enh. Force Lance. 09853_ System corrupted: Substantial component data lost. 09853_ Dropped Lgt. Quantum Reactor. 09856_ Critical hit (Meltdown: +390). 09859_ Reaction Chamber disabled. 09863_ ALERT: Potential suspicious activity detected, Programmers report to Research Zone 7E. 09910_ ALERT: Garrison Access compromised, dispatching multiple assault carriers. 09910_ Garrison Access disabled. Map ----- +----------------------------------------------------+ | ?????????????????????????????????????????????????? | | ?????????????????????????????????????????????????? | | ?????????????????????????????????????????????????? | | ?????????????????????????????????????????????????? | | ?????????????????????????????????????????????????? | | ?????????????????????????????????????????????????? | | ?????????????????????????????????????????????????? | | ?????????????????????????????????????????????????? | | ?????????????????????????????????????????????????? | | ?????????????????????????????????????????????????? | | ?????????????????????????????????????????????????? | | ?????????????????????????????????????????????????? | | ?????????????????????????????????????????????????? | | ?????????????????????????????????????????????????? | | ?????????????????????????????????????????????????? | | #####+############???????????????????????????????? | | ??????????????????????????????? | | ##### #???????##############???????????? | | ????# #???????# #???????????? | | ????# #???????# ?#???????????? | | ?? # """ #???????# """ #???????????? | | # """ #???????# """ #???????????? | | ===# """ #???????# """ #???????????? | | == # F" #???????#"" """ +???????????? | | == # """ #??????##"" * """ #???????????? | | ##### "" #??#####;@ """ #???????????? | | #### #### ss#"" #???????????? | | s ps #"" #???????????? | | #### u# # #???????????? | | ???##+### # # #???????????? | | ????????+ + #####+##+#####???????????? | | ????????#######+#### #????????????????????????? | | ????????????? ?# #????????????????????????? | | ????????????# # #????????????????????????? | | ????????????#] # #????????????????????????? | | ????????????# !! ######????????????????????????? | | ????????????# !! #?????????????????????????????? | | ????????????# !! #?????????????????????????????? | | ????????????########?????????????????????????????? | | ?????????????????????????????????????????????????? | | ?????????????????????????????????????????????????? | | | | | | | | | | | | | | | | | | | +----------------------------------------------------+ Best States ------------- Heat Dissipation 66 Energy Generation 14 Energy Capacity 280 Matter Stores 300 Matter Capacity 300 Sight Range 23 Robot Scan Range 20 Terrain Scan Range 16 Terrain Scan Density 10 Armor Coverage 150 Resistance: KI 20 Resistance: EM 15 Weapon Cycling 15 Evasion (%) 62 Recoil Reduction 5 Offensive Hacking 10 Item Schematics ----------------- Combat Drone Bay | -6/Data Miner | Free Lgt. Regenerative Plating | -6/Data Miner | Free Cld. Gravmag System | -6/Data Miner | Free Prc. Matter Filter | -6/Data Miner | Free Hvy. Proton Cannon | -6/Data Miner | Free Field Propulsion Array | -6/Data Miner | Free Nanoactuators | -6/Data Miner | Free HERF Cannon | -6/Data Miner | Free Imp. Corruption Screen | -6/Data Miner | Free Adv. Actuator Array | -6/Data Miner | Free Hvy. Gauss Cannon | -6/Data Miner | Free Biometal Medium Treads | -6/Data Miner | Free Mic. Antimatter Reactor | -6/Data Miner | Free Robot Schematics ------------------ B-60 Warrior | -6/Data Miner | Free H-66 Slayer | -6/Data Miner | Free B-48 Gladiator | -6/Data Miner | Free W-44 Eye | -6/Data Miner | Free L-61 Swordsman | -6/Data Miner | Free O-32 Director | -6/Data Miner | Free Fabricated ------------ Nothing Repaired ---------- Exp. Sensor Array | 62% | -9/Materials Alien Tech Used ----------------- None Achievements -------------- None Challenges ------------ None Game ------ Seed MetafiberFieldthrustSaw Manual? 0 Play Time 01:27:58 Cumulative 84.5 hours Start 2025.07.31 @ 23:14:20 End 2025.08.01 @ 19:56:43 Sessions 2 Manual Loads 0 Difficulty Rogue Special Mode None Game No. 111 Rogue 111 Adventurer 0 Explorer 0 Win Type - Total 1 Types 1/0/0/0/0/0/0/0/0/0 Lore% 43 Gallery% 43 Achievement% 41 Wizard Run 0 Options --------- Layout 2 ASCII 0 Keyboard 1 Movement Numpad Keybinds 0 Fullscreen 1 Font 32/Tamsyn Map View 50x44 Zoom Use 0% Tactical HUD 1 Map Filters NONE Filters NONE Steam 1 RUN: bf0ed67a-ce6e-44e1-a2ec-943ead4294a4